Unix NetHack Version 5.0.0-0 post-release - last build May 31 2026 23:59:36 (970b52f25bf058293b47ddfd14a1e40e571c508c,branch:main).

Game began 2026-06-01 09:00:21, ended 2026-06-01 11:48:22.

Evilparsnips, lawful male human Samurai

                        --------------------------------
                        |..............................|
                        |.--|-----..{.----....-- -----.|
                        |.|..|(((|.---|..|....|       .|
                        |.|.(|((.|.+  |..|....|      |.
                        |.|((|...|.|  |..|...(-------|.|
                        |.-----)--.----|--...A(.@....|.|
                        |..................-|--A|....|.|
                        |........|...{..--||..|.|+.+A|.|      #
                        |......|..|.-|-.|..|..|.|.+..|.|     ##
                        |......|......|.|..|..|.-----|.|   * ##
                        ...---|-......||-------..-......  #*#####
                        ..|...........|.   |........)..))))########...
                        |.|......................../....# ##`   ###|<.
                        |.--.....|--....................          #...
                        |...............................           --
                        .....-.-.--..-..------..........

Evilparsnips the Ninja  St:17 Dx:13 Co:18 In:8 Wi:8 Ch:9  Lawful
Dlvl:8  $:23 HP:0(76) Pw:21(21) AC:-2 Xp:7/944 T:3771  Burdened Hallu

Latest messages:
 K - 4 elven arrows (in quiver).
 In what direction? 4
 The elven arrow hits the giant beetle.
 In what direction? 4
 The elven arrow misses the giant beetle.
 In what direction? 4
 The elven arrow hits the giant beetle.
 In what direction? 4
 The elven arrow misses the giant beetle.
 You have no ammunition readied.
 What do you want to fire? [$ab or ?*] <esc>
 Never mind.
 a - a blessed +0 katana (weapon in right hand).
 c - a blessed +0 yumi (alternate weapon; not wielded).
 You see here 2 blessed +0 ya.
 You kill the giant beetle!
 You see here 2 blessed +0 ya.
 You see here 2 blessed +0 ya.
 You have a little trouble lifting d - 2 blessed +0 ya (in quiver).
 You hear a mumbled curse.
 You hear a mumbled curse.
 You kill the gnome!
 You have a little trouble lifting d - a blessed +0 ya (in quiver) (3 in total).
 There are several objects here.
 You have a little trouble lifting K - an elven arrow.
 d - 3 blessed +0 ya (in quiver) (6 in total).
 You see here a blessed +0 ya.
 You have a little trouble lifting d - a blessed +0 ya (in quiver) (7 in total).
 You hear a mumbled curse.
 c - a blessed +0 yumi (weapon in right hand).
 a - a blessed +0 katana (alternate weapon; not wielded).
 It explodes!
 You are caught in a blast of kaleidoscopic light!
 You are freaked out.
 a - a blessed +0 katana (weapon in right hand).
 c - a blessed +0 yumi (alternate weapon; not wielded).
 Wait!  There's something there you can't see!
 You attack thin air.
 The rope golem butts!
 The ettin mummy bites!
 Wait!  There's something there you can't see!
 You attack thin air.
 The long worm butts!
 The rabid rat bites!
 You experience a sense of peace.
 The guardian naga butts!
 You die...
 Do you want your possessions identified? [ynq] (y) y
 Do you want to see your attributes? [ynq] (y) y
 Do you want an account of creatures vanquished? [ynaq] (y) q

Inventory:
 Coins    ('$')
  $ - 23 gold pieces
 Weapons  (')')
  D - 4 uncursed +3 crossbow bolts
  K - an uncursed +0 elven arrow
  d - 7 blessed +0 ya (in quiver)
  c - a blessed +0 yumi (alternate weapon; not wielded)
  a - a blessed +0 katana (weapon in right hand)
  b - an uncursed +0 wakizashi
 Armor    ('[')
  E - an uncursed +0 dwarvish iron helm (being worn)
  J - an uncursed +0 pair of speed boots (being worn)
  L - an uncursed +0 elven shield (being worn)
  s - a cursed +0 cloak of magic resistance (being worn)
  e - an uncursed rustproof +0 splint mail (being worn)
 Comestibles  ('%')
  y - an uncursed gunyoki
  S - 3 uncursed gunyoki
  z - an uncursed lembas wafer
  Q - 2 uncursed tripe rations
  T - an uncursed lizard corpse
 Scrolls  ('?')
  u - a blessed scroll of fire
  X - an uncursed scroll of scare monster
  q - an uncursed scroll of stinking cloud
 Potions  ('!')
  h - an uncursed potion of gain energy
  f - an uncursed potion of paralysis
  M - an uncursed potion of sickness
  Y - an uncursed potion of speed
 Rings    ('=')
  t - a cursed ring of hunger
  U - an uncursed ring of invisibility
  Z - an uncursed ring of stealth
  n - a cursed ring of teleportation
 Wands    ('/')
  p - an uncursed wand of digging (0:8)
  o - an uncursed wand of digging named Empty (0:0)
  R - an uncursed wand of light (0:10)
  W - an uncursed wand of magic missile (0:4)
  i - an uncursed wand of make invisible (0:5)
  P - an uncursed wand of sleep (0:4)
  l - an uncursed wand of slow monster (0:4)
 Tools    ('(')
  r - an uncursed brass lantern
  j - a blessed magic lamp
  g - an uncursed magic marker (0:75)
  m - a cursed magic marker (0:21)
  w - an uncursed skeleton key
  B - an uncursed towel

Evilparsnips the Samurai's attributes:

Background:
 You were a Ninja, a level 7 male human Samurai.
 You were lawful, nominally on a mission for Amaterasu Omikami
 who was opposed by Raijin (neutral) and Susanowo (chaotic).
 You were right-handed.
 You were in the Gnomish Mines, on level 8.
 You entered the dungeon 3771 turns ago.
 There was a full moon in effect when your adventure ended.
 You had 944 experience points, 336 more were needed to attain level 8.

Basics:
 You had 0 out of 76 hit points.
 You had all 21 energy points (spell power).
 Your armor class was -2.
 Your wallet contained 23 spacebucks.
 Autopickup was off.

Final Characteristics:
 Your strength was 17 (limit:18/100).
 Your dexterity was 13 (peak:14, limit:18).
 Your constitution was 18 (limit:18).
 Your intelligence was 8 (limit:18).
 Your wisdom was 8 (limit:18).
 Your charisma was 9 (limit:18).

Final Status:
 You were hallucinating.
 You weren't hungry.
 You were burdened; movement was slightly slowed.
 You were wielding a long sword.
 You were skilled in long sword.

Final Attributes:
 You were piously aligned.
 You were magic-protected.
 You were warded.
 You were very fast.
 You were lucky.
 You are dead.

Miscellaneous:
 You encountered 2 bones levels.
 Total elapsed playing time was 1 hour, 18 minutes and 59 seconds.

Major events:
 Turn
    1: Evilparsnips the lawful male human Samurai entered the dungeon
  924: attained the rank of Ronin (level 3)
 1193: entered Sokoban
 2688: attained the rank of Ninja (level 6)
 2947: completed 1st Sokoban level
 3433: entered the Gnomish Mines
 3543: reached Mine Town
 3771: killed by a hallucinogen-distorted mumak

You didn't know any spells.

Skills:
 Fighting Skills
   martial arts      [Basic]
   two weapon combat [Unskilled]
   riding            [Unskilled]
 Weapon Skills
   dagger            [Unskilled]
   knife             [Unskilled]
   short sword       [Basic]
   broadsword        [Unskilled]
   long sword        [Skilled]
   two-handed sword  [Unskilled]
   saber             [Unskilled]
   flail             [Unskilled]
   quarterstaff      [Unskilled]
   polearms          [Unskilled]
   spear             [Unskilled]
   lance             [Unskilled]
   bow               [Basic]
   shuriken          [Unskilled]
 Spellcasting Skills
   attack spells     [Unskilled]
   divination spells [Unskilled]
   clerical spells   [Unskilled]

Voluntary challenges:
 Character rerolling was not enabled.
 You followed a strict vegan diet.
 You were an atheist.
 You never genocided any monsters.
 You never polymorphed an object.
 You never changed form.
 You used no wishes.
 You did not violate any of the special Sokoban rules.
Achievements:
 You entered a shop.
 You attained the rank of Ronin.
 You entered Sokoban.
 You attained the rank of Ninja.
 You entered the Gnomish Mines.
 You entered Minetown.
 You entered a temple.

 The Dungeons of Doom: levels 1 to 9
    Level 1:
       A fountain.
    Level 2:
       A general store.
    Level 3:
       A fountain.
    Level 4:
       Stairs down to The Gnomish Mines.
    Level 5:
       A grave.
    Level 6:
       A fountain.
    Level 7:
       An armor shop, a fountain.
    Level 8:
    Level 9:
       A fountain.
       Stairs up to Sokoban, level 8.
 The Gnomish Mines: levels 5 to 8
    Level 5:
       A grave.
       Final resting place for
          Eisengrim-Wiz-Elf-Mal-Cha, killed by a crossbow bolt.
    Level 6:
    Level 7:
    Level 8: <- You were here.
       Many shops, a temple and an altar to Amaterasu Omikami, some fountains.
       Final resting place for
          you, killed by a hallucinogen-distorted mumak,
          Haxasaurus-Val-Dwa-Fem-Law, killed by a hallucinogen-distorted mumak.
 Sokoban: levels 8 up to 7
    Level 7:
       Unsolved.
    Level 8:
       Solved.


Vanquished creatures:
  a ghost
 an ochre jelly
  a giant beetle
  a baby long worm
  a black light
  a vampire bat
  a gnome ruler
 an orc mummy
  a Green-elf
  a lizard
  2 dingoes
  a jaguar
  a raven
  a snake
  a water nymph
  a pony
  3 gnome leaders
  2 gnomish wizards
  a golden naga hatchling
  a giant ant
  3 floating eyes
  a kitten
  a homunculus
  2 rothes
 an orc zombie
  a wererat
 an iguana
 an acid blob
  2 gas spores
  a hobbit
  a large kobold
  2 giant rats
  a cave spider
  a brown mold
  a yellow mold
 18 gnomes
  6 garter snakes
  2 geckos
  6 jackals
  2 sewer rats
  2 grid bugs
  2 lichens
  5 newts
87 creatures vanquished.

No species were genocided or became extinct.

Game over:
                       ----------
                      /          \
                     /    REST    \
                    /      IN      \
                   /     PEACE      \
                  /                  \
                  |   Evilparsnips   |
                  |      23 Au       |
                  |   killed by a    |
                  | hallucinogen-dis |
                  |   torted mumak   |
                  |                  |
                  |       2026       |
                 *|     *  *  *      | *
        _________)/\\_//(\/(/\)/\//\/|_)_______

Sayonara Evilparsnips the Samurai...

You died in The Gnomish Mines on dungeon level 8 with 4237 points,
and 23 pieces of gold, after 3771 moves.
You were level 7 with a maximum of 76 hit points when you died.

